Map: Emerald City LE

Players

Adnap

  • Race: Terran Terran
  • League: Master
  • Spawn Location: 11:00

Chocopie

  • Race: Terran Terran
  • League: Master
  • Spawn Location: 11:00

LOADBLASTER - Winner!

  • Race: Terran Terran
  • League: Grandmaster
  • Spawn Location: 5:00

PureLegacy - Winner!

  • Race: Terran Terran
  • Spawn Location: 5:00

VOD

Have the link to the VOD?

Description

Time

  • Played on: Nov. 30, 2018, 3:34 p.m.
  • Length: 7:26
Show
View Real Time Build Order
Export as new Build Order

Adnap Terran 

Build Orders: 1/1/1, Cyclone Opening 

Get SALT Encoding   

  12  0:01  SCV  
  13  0:13  SCV  
  14  0:19  Supply Depot  
  14  0:25  SCV  
  15  0:31  Refinery  
  15  0:40  SCV  
  16  0:45  Barracks  
  16  0:52  SCV  
  17  0:59  Refinery  
  17  1:04  SCV  
  18  1:16  SCV  
  19  1:32  Orbital Command  
  19  1:33  Reaper  
  19  1:38  Factory  
  20  1:50  Supply Depot  
  20  1:58  SCV  
  21  2:05  Reaper  
  22  2:10  SCV  
  23  2:22  Starport  
  23  2:24  Factory Tech Lab  
  23  2:26  SCV  
  24  2:33  Supply Depot  
  24  2:42  SCV  
  25  2:45  Cyclone  
  28  2:54  SCV  
  28  2:56  Barracks Reactor  
  29  3:02  Medivac  
  31  3:15  SCV  
  31  3:17  Cyclone  
  31  3:18  Supply Depot  
  35  3:28  Engineering Bay, SCV  
  36  3:36  Viking  
  36  3:40  SCV  
  39  3:44  Supply Depot  
  42  3:55  Cyclone  
  42  3:58  Missile Turret  
  42  4:01  Supply Depot  
  42  4:14  SCV  
  43  4:19  Barracks Reactor  
  43  4:48  Siege Tank  
  43  4:49  Viking x2  
  50  4:53  Command Center  
  50  4:54  Supply Depot  
  47  5:07  Marine x2  
  47  5:11  SCV  
  50  5:20  Siege Tank  
  53  5:30  Marine x2  
  55  5:41  Viking x2  
  55  5:42  SCV  
  60  5:48  Barracks  
  60  5:52  Supply Depot  
  60  5:54  Marine x2  
  62  6:02  SCV  
  66  6:10  SCV  
  67  6:14  SCV  
  67  6:15  Marine  
  67  6:16  Marine  
  67  6:17  Viking  
  71  6:21  Viking  
  64  6:26  SCV  
  65  6:38  SCV  
  66  6:40  Missile Turret  
  66  6:46  Siege Tank  
  69  6:47  Orbital Command  
  73  7:04  Marine x2  
  73  7:06  Barracks Tech Lab  
  73  7:08  Barracks x2  
  75  7:09  Barracks  
Show
View Real Time Build Order
Export as new Build Order

Chocopie Terran 

Build Orders: Liberator Opening 

Get SALT Encoding   

  12  0:00  SCV  
  13  0:12  SCV  
  14  0:18  Supply Depot  
  14  0:25  SCV  
  15  0:30  Refinery  
  15  0:45  Barracks  
  15  1:00  SCV  
  16  1:13  SCV  
  18  1:35  Orbital Command  
  18  1:37  Barracks Tech Lab  
  17  1:41  Supply Depot  
  17  1:43  Factory  
  17  1:55  Refinery  
  17  1:58  Marauder  
  19  2:02  SCV  
  19  2:06  Concussive Shells  
  19  2:15  SCV  
  20  2:20  Supply Depot  
  20  2:24  Marauder  
  22  2:36  Widow Mine  
  24  2:41  Starport  
  24  2:47  Marauder  
  26  3:00  Widow Mine  
  28  3:05  Liberator  
  26  3:16  Marauder  
  28  3:21  SCV  
  32  3:32  Engineering Bay  
  32  3:33  SCV  
  33  3:53  SCV  
  34  3:56  Supply Depot  
  34  3:59  Missile Turret  
  34  4:02  Missile Turret  
  32  4:18  Viking  
  34  4:25  SCV  
  34  4:28  Supply Depot  
  35  4:31  Siege Tank  
  38  4:43  SCV  
  38  4:49  Missile Turret  
  38  4:50  Viking  
  40  5:06  Siege Tank  
  43  5:10  SCV  
  44  5:26  SCV  
  39  5:51  SCV  
  39  5:53  Command Center  
  29  6:40  Viking  
Show
View Real Time Build Order
Export as new Build Order

LOADBLASTER Terran - Winner!

Build Orders: Liberator Opening 

Get SALT Encoding   

  12  0:00  SCV  
  13  0:13  SCV  
  14  0:18  Supply Depot  
  14  0:25  SCV  
  15  0:29  Refinery  
  15  0:40  SCV  
  16  0:44  Barracks  
  16  0:52  SCV  
  16  0:56  Refinery  
  17  1:04  SCV  
  18  1:16  SCV  
  19  1:31  Reaper, Orbital Command  
  20  1:44  Factory  
  20  1:52  Supply Depot  
  20  1:59  SCV  
  21  2:03  Reaper  
  22  2:11  SCV  
  23  2:23  SCV  
  23  2:28  Hellion  
  26  2:30  Starport  
  26  2:35  Reaper  
  27  2:43  Bunker  
  27  2:47  Supply Depot, SCV  
  27  2:49  Hellion  
  29  2:51  Liberator  
  29  2:59  SCV  
  33  3:15  Hellion  
  33  3:17  Barracks Tech Lab  
  35  3:31  Command Center  
  35  3:40  Hellion  
  38  3:41  SCV  
  38  3:44  Supply Depot  
  37  3:58  Raven  
  39  4:05  SCV  
  39  4:08  Barracks Reactor  
  40  4:13  Supply Depot  
  40  4:16  Factory Tech Lab  
  40  4:17  SCV  
  41  4:29  Supply Depot, SCV  
  42  4:37  Siege Tank  
  43  4:41  SCV  
  43  4:44  Orbital Command  
  40  4:53  Viking  
  40  4:54  SCV  
  39  5:05  Viking  
  39  5:06  SCV  
  42  5:18  SCV  
  44  5:21  Supply Depot, SCV  
  44  5:23  Viking  
  46  5:35  Viking  
  48  5:44  Orbital Command  
  48  5:50  Command Center  
  48  5:59  SCV  
  47  6:13  SCV  
  47  6:14  Starport Reactor  
  47  6:16  SCV  
  47  6:17  Barracks  
  47  6:18  Barracks  
  49  6:25  SCV  
  51  6:34  Siege Tank  
  51  6:37  Marine, SCV  
  56  6:41  Refinery  
  56  6:42  Refinery  
  56  6:44  SCV  
  56  6:49  SCV  
  57  6:56  SCV  
  57  6:57  Engineering Bay  
  57  7:00  Engineering Bay  
  59  7:01  SCV  
  59  7:06  Starport Reactor  
  59  7:08  SCV  
Show
View Real Time Build Order
Export as new Build Order

PureLegacy Terran - Winner!

Build Orders: Gas First Reaper Expand 

Get SALT Encoding   

  12  0:01  SCV  
  13  0:13  SCV  
  14  0:18  Supply Depot  
  14  0:25  SCV  
  15  0:31  Refinery  
  15  0:40  SCV  
  16  0:45  Barracks  
  16  0:52  SCV  
  17  1:04  SCV  
  18  1:21  SCV  
  19  1:33  Reaper  
  19  1:34  Orbital Command  
  20  1:47  Command Center  
  20  1:53  Bunker  
  20  2:05  Factory  
  20  2:10  Barracks Reactor  
  20  2:12  SCV  
  21  2:20  Supply Depot  
  21  2:25  SCV  
  22  2:32  Refinery  
  22  2:37  SCV  
  23  2:47  Marine x2  
  23  2:49  SCV  
  26  2:57  Factory Tech Lab  
  26  3:00  Orbital Command  
  26  3:01  SCV  
  27  3:07  Marine x2  
  29  3:13  SCV  
  29  3:16  Siege Tank  
  33  3:21  Starport  
  33  3:30  Marine  
  33  3:31  Marine  
  35  3:39  Supply Depot  
  35  3:41  SCV  
  35  3:42  SCV  
  35  3:48  Siege Tank  
  40  4:12  Command Center  
  40  4:15  Viking x2  
  44  4:24  SCV  
  44  4:25  SCV  
  44  4:29  Supply Depot  
  46  4:45  Viking x2  
  50  5:03  SCV x2  
  50  5:06  Supply Depot, Siege Tank  
  55  5:20  Liberator  
  53  5:45  Viking  
  55  5:53  SCV  
  55  5:55  Orbital Command  
  56  6:04  Orbital Command  
  56  6:09  SCV  
  47  6:29  SCV x2  
  47  6:30  SCV  
  47  6:31  Viking x2  
  54  6:41  SCV  
  54  6:42  SCV x2  
  57  6:54  SCV  
  57  6:57  SCV x2  
  64  7:06  SCV  
  64  7:07  Refinery  
  65  7:08  Refinery  
  65  7:09  SCV  
  65  7:10  SCV  
  65  7:13  Supply Depot  
  65  7:14  Command Center  
Tags
 
Add a new tag
Caveats
  • Supply blocks, unpowered buildings, or Contaminate may cause inaccurate times.
  • Supply counts are checked every 10 seconds.